Match 40433301
Unlisted
Match 40433301
End
Selects Canadian Shock Battlegroup
Vickers Machine Gun Team
Construct Section Command Post
Dingo Light Scout Car
ML 3-inch Mortar Team
Construct Field Infirmary
Selects Offensive Resupply
Selects Canadian Shock Section
Canadian Shock Section
Construct Platoon Command Post
CMP 15cwt Truck
6-pounder Anti-tank Gun Team
Selects Incendiary Munitions
Humber Armored Car
Canadian Shock Section
Humber Armored Car
Canadian Shock Section
Selects Pyrotechnics
Construct Company Command Post
Royal Engineer Section
MOBIUS_01
ProjectGemini07
JR1
Rubee
Humphrey.SE
frozensolider
xxxDerOzelotxxx
Genius Malignus
0
0
Comments sign in to comment!
No comments posted yet!